AoeStats
← Alberto

Arena

508536622Analyzed
1v1 RM · 10d ago on Sep 22, 2026· 48m 38s· 2 players
Game mode
Random Map
Map size
Tiny (2 player)
Population
200
Speed
Normal
Resources
Standard
Victory
Conquest
Starting age
Dark Age
Ending age
Imperial Age
RankedLock teamsTeams togetherTeam positionsShared explorationLock speedFull tech treeHidden civsTurbo modeCheats
Victory
Defeat
🇪🇸 Turks · Spain
739
+17
🇧🇷 Japanese · Brazil
769
-17
Alberto
4:01 Loom
10:44 Feudal Age
11:19 Double-Bit Axe
11:30 Horse Collar
16:16 Wheelbarrow
18:15 Castle Age
16:31 Gold Mining
17:09 Stone Mining
20:50 Gold Shaft Mining
21:16 Hand Cart
24:35 Bow Saw
24:41 Padded Archer Armor
28:06 Imperial Age
28:16 Leather Archer Armor
29:28 Ring Archer Armor
29:59 Elite Janissary
30:54 Loom
32:14 Heavy Plow
mazzardo
7:52 Loom
10:50 Feudal Age
12:08 Double-Bit Axe
16:42 Castle Age
18:24 Bow Saw
20:11 Crossbowman
20:51 Gold Mining
22:49 Fletching
23:30 Padded Archer Armor
23:42 Horse Collar
25:39 Squires
25:26 Arson
26:26 Bodkin Arrow
27:36 Gold Shaft Mining
28:50 Scale Mail Armor
30:30 Forging
36:38 Imperial Age
34:44 Wheelbarrow
35:28 Fortified Wall
35:35 Masonry
36:40 Wheelbarrow
36:47 Chain Mail Armor
37:13 Iron Casting
38:43 Conscription
37:52 Capped Ram
39:01 Stone Mining
39:48 Conscription
42:11 Hand Cart
42:28 Elite Samurai
45:24 Light Cavalry
46:15 Bloodlines
46:05 Husbandry
47:22 Scale Barding Armor
47:46 Heavy Plow
48:44 Chain Barding Armor
Connection lost

Rejoining the realm…

Still unreachable

The connection could not be restored.

Session expired

The server has moved on; the page needs a fresh start.